 Dungeon Crawl Stone Soup version 0.28.0-45-g0d030f2227 (webtiles) character file.

Game seed: 2932679649019916083

588 GigaChad the Slasher (level 7, -1/58 HPs)
             Began as a Minotaur Gladiator on Apr 13, 2022.
             Was a Believer of Kikubaaqudgha.
             Slain by Sigmund
             ... wielding a +0 scythe
              (4 damage)
             ... on level 3 of the Dungeon.
             The game lasted 00:08:16 (2731 turns).

GigaChad the Slasher (Minotaur Gladiator)           Turns: 2731, Time: 00:08:16

Health: -1/58      AC:  7    Str: 18    XL:     7   Next: 15%
Magic:  0/0        EV: 11    Int:  5    God:    Kikubaaqudgha [**....]
Gold:   143        SH:  0    Dex: 14    Spells: 6/6 levels left

rFire   + . .      SeeInvis .   h - +4 hand axe of Blood-Lust {freeze, rElec rPois rF+ MP-9}
rCold   . . .      Faith    .   (no shield)
rNeg    . . .      Spirit   .   o - +0 scale mail
rPois   +          Reflect  .   c - +0 hat
rElec   +          Harm     .   (no cloak)
rCorr   .          Rampage  .   (no gloves)
Will    .....                   (no boots)
Stlth   ..........              (no amulet)
HPRegen 0.19/turn               (no ring)
MPRegen 0.07/turn               (no ring)

@: no status effects
A: horns 2, retaliatory headbutt
a: Renounce Religion, Receive Corpses


You were on level 3 of the Dungeon.
You worshipped Kikubaaqudgha.
Kikubaaqudgha was pleased with you.
You visited 1 branch of the dungeon, and saw 3 of its levels.

You collected 143 gold pieces.

Inventory:

Hand Weapons
 a - a +0 long sword
 h - the +4 hand axe of Blood-Lust (weapon) {freeze, rElec rPois rF+ MP-9}
   (You found it on level 2 of the Dungeon)

   It freezes those it strikes, dealing additional cold damage.
   It can also slow down cold-blooded creatures.
   rF:        It protects you from fire.
   rElec:     It insulates you from electricity.
   rPois:     It protects you from poison.
   MP:        It affects your magic capacity (-9).
 i - a +0 scythe
 q - a +0 rapier
Missiles
 d - 3 throwing nets (quivered)
 f - 36 bolts
 g - 22 arrows
Armour
 b - a +0 leather armour
 c - a +0 hat (worn)
 e - a +0 ring mail
 k - the +1 leather armour of Gaub {Drain +Inv rC+++}
   (You found it on level 3 of the Dungeon)

   rC:        It renders you almost immune to cold.
   +Inv:      It lets you turn invisible.
   Drain:     It drains your maximum health when unequipped.
 o - a +0 scale mail (worn)
Wands
 l - a wand of flame (10)
Scrolls
 j - a scroll of teleportation
 p - 2 scrolls of magic mapping {unknown}
Potions
 n - a potion of attraction
Miscellaneous
 m - a phial of floods


   Skills:
 + Level 3.7 Fighting
 + Level 5.3 Long Blades
 + Level 4.1 Axes
 + Level 2.0 Throwing
 + Level 4.7 Armour
 + Level 4.6 Dodging
 + Level 0.8 Stealth


You had 6 spell levels left.
You didn't know any spells.
Your spell library contained the following spells:

 Spells                   Type           Power      Damage    Failure   Level
 Animate Skeleton         Necr           0%         N/A       85%         1
 Pain                     Necr           0%         1d4       85%         1
 Slow                     Hex            0%         N/A       85%         1
 Corpse Rot               Necr/Air       0%         N/A       94%         2
 Confusing Touch          Hex            0%         N/A       99%         3
 Vampiric Draining        Necr           0%         2d6       99%         3


Dungeon Overview and Level Annotations

Branches:
Dungeon (3/15)

Altars:
Kikubaaqudgha
Makhleb
Vehumet

Annotations:
D:3 Sigmund


Innate Abilities, Weirdness & Mutations

You have a pair of horns on your head.
You reflexively headbutt those who attack you in melee.


Message History

Things that are here:
a +0 mace; a hobgoblin corpse Something hits you!
The orc barely misses you. Something hits you but does no damage.
You hit the orc. You freeze the orc.
The orc is heavily wounded.
The orc hits you with a +0 flail. x2; Something hits you.
You closely miss the orc. Your headbutt misses the orc.
The orc is moderately wounded.
The orc hits you but does no damage.
You hit the orc. You freeze the orc.
You kill the orc!
Kikubaaqudgha accepts your kill. Something hits you.
You see here a +0 flail.
You start resting.
Something hits you but does no damage. Something hits you. Something hits you.
You hear some strange, mumbled words.
Something tries to affect you, but you resist.
You hear some strange, mumbled words.
You are confused.
You bump into the rock wall.
Something hits you!
* * * LOW HITPOINT WARNING * * *
A magic dart appears from out of thin air!
The magic dart hits you.
* * * LOW HITPOINT WARNING * * *
You bump into the rock wall.
You feel less confused.
Sigmund appears from thin air!
Reactivating autopickup.
Sigmund completely misses you. Sigmund hits you with a +0 scythe!
* * * LOW HITPOINT WARNING * * *
You closely miss Sigmund. Your headbutt misses Sigmund.
Sigmund closely misses you.
You barely miss Sigmund. You barely miss Sigmund.
Sigmund hits you with a +0 scythe.
You die...
Kikubaaqudgha rasps: "You have failed me!
Welcome... death!"

############## ###
##.<..........### ..#
#...#########...# #.# #####
#...............#
#.#####...####...#########...#
....................# #..##
#....).........@@...# #..#
#######.#.#...)...).# #..#
#.#.###)...#### #..# ..#.#
#....# #..# ####.# #....# #..#
#.# #.##.#### #..# #.#
#.##....# #..# .# #.#
#.#####.# #.<##### #.# #.# #.#
#.>.....


You could see Sigmund.

Vanquished Creatures
  Grinder (D:3)
  2 water moccasins (D:3)
  A scorpion (D:3)
  A water moccasin skeleton (D:3)
  3 adders
  3 orcs (D:3)
  8 ball pythons
  An endoplasm (D:2)
  3 giant cockroaches
  3 goblins (D:3)
  9 hobgoblins
  2 jackals (D:2)
  2 quokkas
  4 bats
  7 frilled lizards
  9 kobolds
  3 rats
62 creatures vanquished.

Notes
Turn   | Place    | Note
-------+----------+-------------------------------------------
     0 | D:1      | GigaChad the Minotaur Gladiator began the quest for the
                  | Orb.
     0 | D:1      | Reached XP level 1. HP: 18/18 MP: 0/0
   103 | D:1      | Found a faded altar of an unknown god.
   111 | D:1      | Prayed at the altar of an unknown god.
   111 | D:1      | Became a worshipper of Kikubaaqudgha
   111 | D:1      | Reached * piety under Kikubaaqudgha
   111 | D:1      | Received a gift from Kikubaaqudgha
   187 | D:1      | Reached skill level 4 in Long Blades
   198 | D:1      | Reached XP level 2. HP: 18/25 MP: 1/1
   966 | D:2      | Reached skill level 1 in Armour
  1080 | D:2      | Reached XP level 3. HP: 20/30 MP: 2/2
  1204 | D:2      | Reached ** piety under Kikubaaqudgha
  1271 | D:2      | Identified the +4 hand axe of Blood-Lust {freeze, rElec
                  | rPois rF+ MP-9}
  1651 | D:3      | Found a radiant altar of Vehumet.
  1657 | D:3      | Identified the +1 leather armour of Gaub {Drain +Inv rC+++}
  1834 | D:3      | Noticed a water moccasin
  1834 | D:3      | Noticed a scorpion
  1847 | D:3      | Killed a water moccasin
  1848 | D:3      | Reached skill level 1 in Axes
  1848 | D:3      | Reached XP level 4. HP: 14/37 MP: 0/3
  1848 | D:3      | Reached XP level 5. HP: 17/44 MP: 0/4
  1854 | D:3      | Reached skill level 5 in Long Blades
  1860 | D:3      | Reached XP level 6. HP: 9/51 MP: 0/5
  2151 | D:3      | Noticed a water moccasin
  2167 | D:3      | Killed a water moccasin
  2368 | D:3      | Noticed Grinder
  2368 | D:3      | Found a burning altar of Makhleb.
  2377 | D:3      | Paralysed by Grinder for 6 turns
  2392 | D:3      | Killed Grinder
  2393 | D:3      | Reached XP level 7. HP: 32/58 MP: 0/6
  2687 | D:3      | Noticed Sigmund
  2728 | D:3      | HP: 2/58 [Sigmund/+0 scythe (8)]
  2731 | D:3      | Slain by Sigmund

Illustrated notes

Levels and vault maps discovered:
D:1:      saegor_arrival_simple_e, layout_loops_ring,
          shapermc_ecumenical_altar_venn
D:2:      layout_rooms, kennysheep_boxes, uniq_crazy_yiuf_cottage
D:3:      layout_loops_ring, vehumet_altar_wand_db, mainiacjoe_overflow_catwalk,
          st_stairs_10, minmay_divided_ellipse, uniq_sigmund, uniq_grinder

Skill      XL: |  1  2  3  4  5  6 |
---------------+-------------------+-----
Long Blades    | 4 5 |  5.3
Armour         | 1 3 4 |  4.7
Axes           | 1 2 4 |  4.1
Dodging        | 4 |  4.6
Fighting       | 3 |  3.7
Throwing       | |  2.0
Stealth        | |  0.8

Action                   |  1- 3 |  4- 6 |  7- 9 || total
-------------------------+-------+-------+-------++-------
Melee: Long sword        |    67 |       |       ||    67
       Headbutt          |     4 |     7 |     1 ||    12
       Punch             |     1 |       |       ||     1
       Hand axe          |    29 |    35 |    12 ||    76
  Use: Scroll            |     4 |       |       ||     4
Armor: Leather armour    |    23 |       |       ||    23
       Ring mail         |    26 |     3 |       ||    29
       Scale mail        |       |     9 |     9 ||    18
Dodge: Dodged            |    91 |    19 |     6 ||   116
